 Dungeon Crawl Stone Soup version 0.29-a0-194-g6e3aafee17 (webtiles) character file.

Game seed: 18234710724778203679

529 Zeldest the Ruffian (level 7, -3/66 HPs)
             Began as a Troll Air Elementalist on Feb 22, 2022.
             Was an Initiate of Cheibriados.
             Slain by a water moccasin (4 damage)
             ... on level 5 of the Dungeon.
             The game lasted 00:10:13 (1685 turns).

Zeldest the Ruffian (Troll Air Elementalist)        Turns: 1685, Time: 00:10:14

Health: -3/66      AC:  4    Str: 16 (18) XL:     7   Next: 3%
Magic:  7/7        EV: 13    Int: 14      God:    Cheibriados [......]
Gold:   176        SH:  0    Dex: 10 (11) Spells: 7/8 levels left

rFire   + . .      SeeInvis +     - Unarmed
rCold   + . .      Faith    .   (no shield)
rNeg    . . .      Spirit   .   a - +0 robe
rPois   +          Reflect  .   (helmet restricted)
rElec   +          Harm     .   (no cloak)
rCorr   +          Rampage  .   (gloves unavailable)
Will    .....                   (boots unavailable)
Stlth   +.........              (no amulet)
HPRegen 1.01/turn               h - +4 ring of evasion
MPRegen 0.10/turn               e - ring of see invisible

@: lethally poisoned (-3 -> -3), resistant, very slow
A: large, unfitting armour, claws 3, regeneration 1, shaggy fur 1, tough skin 1
a: Renounce Religion


You were on level 5 of the Dungeon.
You worshipped Cheibriados.
Cheibriados was noncommittal.
You visited 1 branch of the dungeon, and saw 5 of its levels.

You collected 176 gold pieces.

Inventory:

Missiles
 i - 3 curare-tipped darts
Armour
 a - a +0 robe (worn)
Magical Staves
 b - a staff of air
Jewellery
 d - a +6 ring of strength
 e - a ring of see invisible (right claw)
 h - a +4 ring of evasion (left claw)
 k - a ring of fire
Wands
 j - a wand of flame (22)
 n - a wand of paralysis (8)
Scrolls
 c - a scroll of teleportation
 f - a scroll of vulnerability {unknown}
 g - a scroll of amnesia {unknown}
 m - a scroll of noise
Potions
 o - a potion of mutation


   Skills:
 + Level 2.8 Fighting
 - Level 1.5 Dodging
 - Level 1.0 Stealth
 + Level 3.3 Unarmed Combat
 - Level 1.2 Spellcasting
 - Level 0.6 Conjurations
 + Level 2.5 Transmutations
 + Level 3.1 Air Magic
 + Level 0.9 Invocations


You had 7 spell levels left.
You knew the following spells:

 Your Spells              Type           Power      Damage    Failure   Level
a - Shock                 Conj/Air       24%        1d4       12%         1

Your spell library contained the following spells:

 Spells                   Type           Power      Damage    Failure   Level
 Static Discharge         Conj/Air       6%         N/A       19%         2
 Swiftness                Air            9%         N/A       22%         3
 Airstrike                Air            4%         N/A       56%         4


Dungeon Overview and Level Annotations

Branches:
Dungeon (5/15)
 Temple: D:4-7

Altars:
Cheibriados

Shops:
D:1 [


Innate Abilities, Weirdness & Mutations

You are too large for most types of armour.
You have claws for hands.
Your natural rate of healing is unusually fast.
You are covered in fur. (AC +1)
You have tough skin. (AC +1)


Message History

The water moccasin is moderately wounded.
You feel sick. The water moccasin bites you.
You are more poisoned.
The water moccasin poisons you!
You closely miss the water moccasin.
The water moccasin is moderately wounded.
You feel sick. The water moccasin bites you.
You scratch the water moccasin.
The water moccasin is heavily wounded.
You feel very sick. The water moccasin barely misses you.
The water moccasin bites you.
* * * LOW HITPOINT WARNING * * *
You barely miss the water moccasin.
The water moccasin is heavily wounded.
You feel sick. The water moccasin barely misses you.
You scratch the water moccasin.
The water moccasin is severely wounded.
You feel sick. The water moccasin bites you!
* * * LOW HITPOINT WARNING * * *
You scratch the water moccasin but do no damage.
The water moccasin is severely wounded.
You feel sick. The water moccasin closely misses you.
The water moccasin barely misses you.
You feel protected.
You feel sick. The water moccasin bites you!
* * * LOW HITPOINT WARNING * * *
You closely miss the water moccasin.
The water moccasin is severely wounded.
* * * LOW HITPOINT WARNING * * *
You feel sick. The water moccasin barely misses you.
You scratch the water moccasin.
The water moccasin is almost dead.
* * * LOW HITPOINT WARNING * * *
You feel sick. The water moccasin closely misses you.
The water moccasin barely misses you.
You closely miss the water moccasin.
The water moccasin is almost dead.
* * * LOW HITPOINT WARNING * * *
You feel sick. The water moccasin bites you.
You die...

...###.........
#.## #.........
# #.#
##.###.#### #.
#.# #..# .# #.<
#.# #.## # #...
#.# #.# #....
#.# #.#
#.....#o###.##
.......oS@...#
.......#####.#
....... .#
....... ..
.#...#. .##
#####. .# #. .#
##


You could see a water moccasin and 2 orcs.

Vanquished Creatures
  2 black bears (D:4)
  A jelly (D:3)
  An orc priest (D:4)
  2 iguanas
  An orc wizard (D:4)
  A hound zombie (D:5)
  5 gnolls
  5 adders
  An adder skeleton (D:4)
  2 worms
  2 dart slugs
  13 orcs
  5 ball pythons
  5 endoplasms
  A giant cockroach (D:4)
  2 goblins (D:3)
  6 hobgoblins
  6 kobolds
  8 quokkas
  3 bats
  4 frilled lizards (D:2)
  4 rats
80 creatures vanquished.

Vanquished Creatures (others)
  9 plants
9 creatures vanquished.

Grand Total: 89 creatures vanquished

Notes
Turn   | Place    | Note
-------+----------+-------------------------------------------
     0 | D:1      | Zeldest the Troll Air Elementalist began the quest for the
                  | Orb.
     0 | D:1      | Reached XP level 1. HP: 16/16 MP: 1/1
    39 | D:1      | Found Bithegg's Armour Emporium.
   146 | D:1      | Reached XP level 2. HP: 26/26 MP: 2/2
   321 | D:2      | Reached skill level 1 in Unarmed Combat
   487 | D:2      | Reached skill level 1 in Fighting
   487 | D:2      | Reached XP level 3. HP: 32/33 MP: 3/3
   493 | D:2      | Reached skill level 1 in Transmutations
   779 | D:3      | Reached XP level 4. HP: 28/41 MP: 4/4
   866 | D:3      | Found a faded altar of an unknown god.
  1050 | D:4      | Noticed a black bear
  1064 | D:4      | Killed a black bear
  1065 | D:4      | Reached XP level 5. HP: 49/49 MP: 5/5
  1101 | D:4      | Reached XP level 6. HP: 34/57 MP: 6/6
  1466 | D:4      | Found a snail-covered altar of Cheibriados.
  1474 | D:4      | Became a worshipper of Cheibriados the Contemplative
  1631 | D:5      | Entered Level 5 of the Dungeon
  1636 | D:5      | Reached XP level 7. HP: 62/66 MP: 7/7
  1682 | D:5      | HP: 1/66 [water moccasin (7)]
  1685 | D:5      | Slain by a water moccasin

Illustrated notes

Levels and vault maps discovered:
D:1:      dpeg_arrival_ratfight, layout_basic, serial_shops, shop,
          nicolae_shop_hallway_plus, amcnicky_mini_pool_small,
          grunt_decor_resistance
D:2:      wad_woods_tower, layout_basic, serial_forest, infiniplex_forest_join,
          infiniplex_forest_straight_3, infiniplex_forest_lined_1,
          infiniplex_forest_clump_tiny, infiniplex_forest_lined_3,
          infiniplex_forest_straight_1, infiniplex_forest_straight_3,
          infiniplex_forest_straight_5, infiniplex_forest_end_2, serial_shops,
          shop
D:3:      layout_basic, nicolae_tso_besieged_by_evil, basic_ecumenical_altar,
          minmay_shallow_snake_nest
D:4:      layout_cave_pools, lemuel_round_altar
D:5:      minmay_spotlight, layout_loops_ring, minmay_temple_entry_junction

Skill      XL: |  1  2  3  4  5  6 |
---------------+-------------------+-----
Unarmed Combat | 1 2 3 |  3.3
Fighting       | 1 2 |  2.8
Transmutations | 1 2 |  2.5
Air Magic      | 3 |  3.1
Dodging        | |  1.5
Stealth        | |  1.0
Spellcasting   | |  1.2
Conjurations   | |  0.6
Invocations    | |  0.9

Action                   |  1- 3 |  4- 6 |  7- 9 || total
-------------------------+-------+-------+-------++-------
Melee: Unarmed           |    89 |   171 |    28 ||   288
       Punch             |       |     2 |     1 ||     3
Evoke: Wand              |       |     3 |       ||     3
  Use: Scroll            |       |     5 |       ||     5
       Potion            |       |     3 |     1 ||     4
 Stab: Sleeping          |     2 |       |       ||     2
       Paralysed         |       |     7 |       ||     7
Armor: Robe              |    23 |    34 |     3 ||    60
Dodge: Dodged            |    33 |   105 |    19 ||   157

Table legend: (Time is in decaauts)
 A = Elapsed time spent in this place.
 B = Non-inter-level travel time spent in this place.
 C = Inter-level travel time spent in this place.
 D = Time resting spent in this place.
 E = Time spent auto-exploring this place.
 F = Levels seen in this place.
 G = Mean time per level.
                   A        B        C        D        E       F      G
               +--------+--------+--------+--------+--------+-----+--------+
         Total |   1716 |   1653 |     63 |      0 |      0 |   5 |  343.2 |
       Dungeon |   1716 |   1653 |     63 |      0 |      0 |   5 |  343.2 |
               +--------+--------+--------+--------+--------+-----+--------+

Top non-repeatable levels by time:
     D:2: 566 daAuts
     D:3: 471 daAuts
     D:4: 453 daAuts
     D:1: 166 daAuts
     D:5: 58 daAuts
